 Dungeon Crawl Stone Soup version 0.24.0-37-gcf1ca852f1 (webtiles) character file.

Game seed: 15275742273651419896, levelgen mode: deterministic

5905 Delamore the Severer (level 10, -5/94 HPs)
             Began as a Hill Orc Fighter on Nov 30, 2019.
             Was a Believer of Okawaru.
             Slain by a death yak (12 damage)
             ... on level 10 of the Dungeon.
             The game lasted 00:14:58 (11746 turns).

Delamore the Severer (Hill Orc Fighter)            Turns: 11746, Time: 00:14:59

Health: -5/94      AC: 11    Str: 27    XL:     10   Next: 82%
Magic:  0/10       EV:  4    Int:  8    God:    Okawaru [**....]
Gold:   636        SH: 11    Dex: 11    Spells: 9/9 levels left

rFire    . . .     SeeInvis .   e - +1 hand axe (vamp)
rCold    . . .     Gourm    .   y - +1 shield
rNeg     . . .     Faith    .   I - +0 plate armour
rPois    .         Spirit   +   (no helmet)
rElec    .         Reflect  .   E - scarf {Spirit}
rCorr    .         Harm     .   (no gloves)
MR       .....                  (no boots)
Stlth    ..........             A - amulet of regeneration
HPRegen  0.65/turn              Q - ring of flight
MPRegen  0.12/turn              (no ring)

@: mighty, studying Long Blades, lightly drained
A: no striking features
a: Heroism, Renounce Religion, Evoke Flight


You were on level 10 of the Dungeon.
You worshipped Okawaru.
Okawaru was pleased with you.
You were not hungry.

You visited 2 branches of the dungeon, and saw 11 of its levels.
You also visited: Sewer.

You collected 696 gold pieces.
You spent 60 gold pieces at shops.

Inventory:

Hand Weapons
 a - a +0 war axe
 e - a +1 vampiric hand axe (weapon)
 H - a +0 battleaxe
Missiles
 C - 5 boomerangs of dispersal (quivered)
Armour
 b - a +0 scale mail
 c - a +0 shield
 y - a +1 shield (worn)
 E - a scarf of spirit shield (worn)
 I - a +0 plate armour (worn)
Jewellery
 A - an amulet of regeneration (around neck)
 Q - a ring of flight (left hand)
Wands
 j - a wand of disintegration (13)
 v - a wand of flame (14)
 z - a wand of acid (15)
 O - a wand of paralysis (10)
Scrolls
 g - 2 scrolls of amnesia
 i - 2 scrolls of random uselessness
 k - 3 scrolls of remove curse
 m - 8 scrolls of teleportation
 o - a scroll of enchant armour
 q - 7 scrolls of blinking
 s - 2 scrolls of enchant weapon
 t - 5 scrolls of fear
 F - a scroll of torment
 M - a scroll of fog
 N - a scroll of immolation
Potions
 d - 4 potions of might
 h - a potion of berserk rage
 l - 2 potions of resistance {unknown}
 n - 2 potions of lignification
 p - 3 potions of curing
 r - 2 potions of degeneration
 u - 2 potions of magic
 w - a potion of heal wounds
 B - 3 potions of brilliance
 G - a potion of mutation {unknown}
 L - a potion of flight {unknown}
Books
 x - a manual of Long Blades
Comestibles
 f - 22 rations


   Skills:
 + Level 10.9(10.7) Fighting
 + Level 16.3(16.1) Axes
 - Level 3.2(3.1) Armour
 - Level 3.2(3.1) Shields


You had 9 spell levels left.
You didn't know any spells.
Your spell library contained the following spells:

 Spells                   Type           Power        Failure   Level  Hunger
 Confusing Touch          Hex            #.....       100%        1    ##.....
 Confuse                  Hex            #.......     100%        3    ####...
 Gell's Gravitas          Tloc           #.........   100%        3    ####...
 Petrify                  Tmut/Erth      #.......     100%        4    #####..
 Metabolic Englaciation   Hex/Ice        #.........   100%        5    ######.
 Yara's Violent Unravell  Hex/Tmut       #.........   100%        5    ######.


Dungeon Overview and Level Annotations

Branches:
Dungeon (10/15)            Temple (1/1) D:5           Sewer (visited)
   Lair: D:8-11         Orc: D:9-12

Altars:
Ashenzari
Cheibriados
Dithmenos
Elyvilon
Fedhas
Gozag
Hepliaklqana
Kikubaaqudgha
Makhleb
Nemelex Xobeh
Okawaru
Qazlal
Ru
Sif Muna
Trog
Uskayaw
Vehumet
Wu Jian
Xom
Yredelemnul
Zin
The Shining One
Lugonu

Shops:
D:4 (   D:5 }   D:6 }!(%   D:8 !

Annotations:
D:5 3 runed translucent doors, P0WERM0DE's ghost, novice MiFi
D:7 2 transporters, admiralandromeda's ghost, novice KoHu


Message History

You are too injured to fight recklessly!
You are too injured to fight recklessly!
You are too injured to fight recklessly!
Unknown command.
You hit the death yak but do no damage.
The death yak is lightly wounded.
You hit the death yak. You hit the death yak but do no damage.
The death yak barely misses you. The death yak gores you!
* * * LOW HITPOINT WARNING * * *
You hit the death yak.
You feel better.
The death yak is lightly wounded.
You hit the death yak.
You feel better.
You hit the death yak.
You feel better. The death yak gores you!
* * * LOW HITPOINT WARNING * * *
You block the death yak's attack. The death yak completely misses you.
You feel very mighty all of a sudden. The death yak gores you!
* * * LOW HITPOINT WARNING * * *
The death yak gores you!
You die...

######### #.........#
#.........# #.........#
#.........#
###########.........# ##
..........'.........+...
######Y###.............
#Y@YYY........#!..
#.###Y....../..... #.#
#....)....#. #.#
#.....$......# #+#
#######....... .......
....... ....... .......


You could see 6 death yaks.

Vanquished Creatures
  A two-headed ogre (D:8)
  Prince Ribbit (D:5)
  Grinder (D:5)
  2 hippogriffs
  Grum (D:8)
  Edmund (D:6)
  A water moccasin (D:3)
  Duvessa (D:5)
  2 orc warriors
  4 sky beasts
  A necrophage (D:5)
  4 ogres
  4 wolves (D:8)
  A centaur (D:8)
  6 big kobolds (Sewer)
  3 bullfrogs
  A water moccasin zombie (D:6)
  4 scorpions
  Dowan (D:5)
  5 killer bees (D:9)
  5 wights (D:8)
  3 howler monkeys
  2 electric eels (D:3)
  3 crimson imps (D:6)
  A centaur zombie (D:5)
  4 orc wizards
  4 orc priests
  A centaur skeleton (D:9)
  2 hounds
  An iguana (D:5)
  5 worker ants
  Ijyb (D:5)
  Natasha (thrice) (D:2)
  2 worker ant zombies
  A river rat (D:4)
  14 adders
  A shadow imp (D:5)
  A white imp (D:6)
  5 oozes
  12 worms
  3 dart slugs
  8 leopard geckos
  43 orcs
  4 ball pythons
  5 giant cockroaches
  11 hobgoblins
  21 jackals
  6 quokkas
  3 bats
  5 frilled lizards
  6 goblins
  8 kobolds
  A quokka zombie (D:5)
  13 rats
253 creatures vanquished.

Notes
Turn   | Place    | Note
-------+----------+-------------------------------------------
     0 | D:1      | Delamore the Hill Orc Fighter began the quest for the Orb.
     0 | D:1      | Reached XP level 1. HP: 19/19 MP: 1/1
    33 | D:1      | Reached skill level 3 in Axes
   135 | D:1      | Reached XP level 2. HP: 26/26 MP: 2/2
   357 | D:1      | Reached skill level 4 in Axes
   444 | D:1      | Reached XP level 3. HP: 23/31 MP: 3/3
   992 | D:2      | Found a burning altar of Makhleb.
  1151 | D:2      | Reached skill level 5 in Axes
  1188 | D:2      | Noticed Natasha
  1198 | D:2      | Killed Natasha
  1198 | D:2      | Reached XP level 4. HP: 24/39 MP: 4/4
  1402 | D:2      | Noticed Natasha
  1415 | D:2      | Reached skill level 6 in Axes
  1418 | D:2      | Killed Natasha
  1519 | D:2      | Noticed Natasha
  1529 | D:2      | Killed Natasha
  1529 | D:2      | Reached XP level 5. HP: 5/45 MP: 5/5
  1910 | D:2      | Reached skill level 7 in Axes
  2175 | D:3      | Found a transporter.
  2196 | D:3      | Found a bloodstained altar of Trog.
  2301 | D:3      | Found a sparkling altar of Nemelex Xobeh.
  2323 | D:3      | Found a transporter.
  2779 | D:3      | Reached skill level 8 in Axes
  2779 | D:3      | Reached XP level 6. HP: 25/51 MP: 6/6
  3242 | D:4      | Found a glowing drain.
  3305 | Sewer    | Entered a sewer
  3493 | Sewer    | Reached skill level 9 in Axes
  3535 | Sewer    | Reached XP level 7. HP: 57/57 MP: 7/7
  3587 | Sewer    | Reached skill level 10 in Axes
  3919 | Sewer    | Reached skill level 11 in Axes
  4088 | D:4      | Reached XP level 8. HP: 42/64 MP: 8/8
  4303 | D:4      | Found Gethri's Antique Weapon Boutique.
  4488 | D:4      | Found a hazy altar of Hepliaklqana.
  4511 | D:4      | Found a glowing golden altar of the Shining One.
  4511 | D:4      | Found a white marble altar of Elyvilon.
  4512 | D:4      | Found a glowing silver altar of Zin.
  4735 | D:4      | Reached skill level 12 in Axes
  4862 | D:4      | Noticed a hippogriff
  4917 | D:3      | HP: 3/64 [poisoned by a water moccasin]
  4922 | D:3      | HP: 3/64 [poisoned by a water moccasin]
  4927 | D:3      | HP: 2/64 [poisoned by a water moccasin]
  5742 | D:4      | Killed a hippogriff
  5742 | D:4      | Reached skill level 13 in Axes
  6041 | D:4      | Found a snail-covered altar of Cheibriados.
  6041 | D:4      | Found a hide-covered altar of Uskayaw.
  6292 | D:5      | Entered Level 5 of the Dungeon
  6329 | D:5      | Found a radiant altar of Vehumet.
  6339 | D:5      | Noticed Duvessa
  6340 | D:5      | Noticed Dowan
  6361 | D:5      | Killed Dowan
  6376 | D:5      | Killed Duvessa
  6576 | D:5      | Reached skill level 5 in Fighting
  6616 | D:5      | Found a staircase to the Ecumenical Temple.
  6618 | D:5      | Noticed Ijyb
  6633 | D:5      | Paralysed by Ijyb for 6 turns
  6647 | Temple   | Entered the Ecumenical Temple
  6691 | D:5      | Paralysed by Ijyb for 4 turns
  6706 | D:5      | Killed Ijyb
  6756 | D:5      | Reached XP level 9. HP: 74/74 MP: 9/9
  6871 | D:5      | Found a runed translucent gate.
  6873 | D:5      | Found a runed translucent gate.
  6874 | D:5      | Found an opulent altar of Gozag.
  6874 | D:5      | Found a runed translucent gate.
  6887 | D:5      | Found Kylian's Gadget Boutique.
  6964 | D:5      | Noticed P0WERM0DE's ghost (novice MiFi)
  6977 | D:5      | Found an opulent altar of Gozag.
  6980 | D:5      | Noticed Grinder
  6997 | D:5      | Killed Grinder
  6997 | D:5      | Reached skill level 14 in Axes
  7555 | D:6      | Noticed Prince Ribbit
  7596 | D:5      | Killed Prince Ribbit
  8212 | D:6      | Noticed Edmund
  8250 | D:6      | Killed Edmund
  8335 | D:6      | Found Rijurphem's Weapon Shop.
  8409 | D:6      | Found Hogo's Distillery.
  8413 | D:6      | Found Joraul's Gadget Boutique.
  8755 | D:6      | Reached skill level 15 in Axes
  8903 | D:6      | Reached XP level 10. HP: 83/90 MP: 8/10
  8915 | D:6      | Found Saisecse's Food Shop.
  9403 | D:7      | Found a transporter.
  9440 | D:7      | Found a transporter.
  9441 | D:7      | Noticed admiralandromeda's ghost (novice KoHu)
  9647 | D:7      | Found an iron altar of Okawaru.
  9656 | D:7      | Became a worshipper of Warmaster Okawaru
 10194 | D:8      | Noticed Grum
 10211 | D:8      | Reached * piety under Okawaru
 10220 | D:8      | Killed Grum
 10417 | D:8      | Noticed a two-headed ogre
 10449 | D:8      | Killed a two-headed ogre
 10449 | D:8      | Reached skill level 10 in Fighting
 10449 | D:8      | Reached skill level 16 in Axes
 10743 | D:8      | Found an ancient bone altar of Kikubaaqudgha.
 10812 | D:8      | Found a shimmering altar of Xom.
 10866 | D:8      | Found a shimmering altar of Xom.
 10869 | D:8      | Found a shimmering altar of Xom.
 10879 | D:8      | Found a shimmering altar of Xom.
 10886 | D:8      | Found Qobigh's Distillery.
 10889 | D:8      | Bought a potion of heal wounds for 60 gold pieces
 10899 | D:8      | Found a shimmering altar of Xom.
 10901 | D:8      | Found a shimmering altar of Xom.
 10991 | D:9      | Found an ornate altar of the Wu Jian Council.
 11562 | D:9      | Reached ** piety under Okawaru
 11704 | D:10     | Entered Level 10 of the Dungeon
 11712 | D:10     | Noticed a death yak
 11713 | D:10     | Noticed a death yak
 11715 | D:10     | Noticed a death yak
 11715 | D:10     | Noticed a death yak
 11716 | D:10     | Noticed a death yak
 11716 | D:10     | Noticed a death yak
 11746 | D:10     | Slain by a death yak

Levels and vault maps discovered:
D:1:      mainiacjoe_arrival_reflecting_pool, layout_basic
D:2:      layout_basic, lemuel_round_altar, first_ration, uniq_natasha
D:3:      gammafunk_steamed_eel, layout_loops_ring,
          nemelex_xobeh_ov_fountains_minmay, nicolae_overflow_hidden_temple
D:4:      layout_loops_ring, good_gods_temple_1,
          gammafunk_temple_overflow_pools, overflow_temple_1_default,
          serial_forest, infiniplex_forest_end_1, infiniplex_forest_lined_2,
          infiniplex_forest_lined_3, infiniplex_forest_clump_double,
          infiniplex_forest_clump_small, infiniplex_forest_pool,
          infiniplex_forest_end_2, portal_sewer_entry_c, serial_shops,
          shop_statue, minmay_manual_maat
D:5:      layout_basic, vehumet_crystals, nicolae_overflow_crystal_walls,
          temple_fountains, serial_shops, shop, ebering_ghost_gozag,
          uniq_grinder, uniq_duvessa, uniq_ijyb
D:6:      layout_layer_cave, serial_shops, shop, nicolae_shop_stone,
          shop_fountains, shop, minmay_fire_ice_demons, uniq_edmund,
          uniq_prince_ribbit1
D:7:      layout_cave_pools, lemuel_coloured_pillars_altar,
          gammafunk_ghost_mausoleum, kennysheep_small_circle
D:8:      layout_basic, xom_redecorated, lemuel_crystal_altar, serial_rivers,
          chequers_serial_rivers_marsh, chequers_serial_rivers_micro_c,
          chequers_serial_rivers_micro_d, chequers_serial_rivers_micro_b,
          chequers_serial_rivers_room_b, serial_shops,
          nicolae_shop_behind_doors, uniq_grum
D:9:      layout_roguey [special_room_orc], overflow_temple_1_default
D:10:     layout_basic, dpeg_lair_monsters
Temple:   corrupted_temple

Skill      XL: |  1  2  3  4  5  6  7  8  9 10 |
---------------+-------------------------------+-----
Axes           | 3 4 5 6 8 9 11 13 15 16 | 16.3
Fighting       | 5 8 10 | 10.9
Armour         | |  3.2
Shields        | |  3.2

Action                   |  1- 3 |  4- 6 |  7- 9 | 10-12 || total
-------------------------+-------+-------+-------+-------++-------
Melee: Hand axe          |    94 |   250 |   650 |   356 ||  1350
       War axe           |     8 |       |       |       ||     8
Evoke: Wand              |       |     4 |       |       ||     4
  Use: Scroll            |       |       |    11 |     5 ||    16
       Potion            |       |       |     2 |     2 ||     4
  Eat: Chunk             |     1 |     8 |    11 |     9 ||    29
       Ration            |       |       |     2 |       ||     2
Armor: Scale mail        |    45 |    77 |   131 |       ||   253
       Skin              |       |       |     3 |       ||     3
       Plate armour      |       |       |       |   123 ||   123
Dodge: Dodged            |    35 |    54 |   108 |    52 ||   249
Block: Shield            |    47 |    95 |   200 |   144 ||   486
